 Dungeon Crawl Stone Soup version 0.18.1-2-ga659475 (webtiles) character file.

354 M4edhros the Covert (level 6, 0/38 HPs)
             Began as an Octopode Artificer on May 8, 2016.
             Slain by CcS's ghost (7 damage)
             ... on level 4 of the Dungeon.
             The game lasted 00:06:14 (3964 turns).

M4edhros the Covert (Octopode Artificer)            Turns: 3964, Time: 00:06:15

Health: 0/38       AC:  1    Str: 16    XL:     6   Next: 63%
Magic:  8/8        EV: 18    Int: 14    God:
Gold:   157        SH:  0    Dex: 19    Spells: 0 memorised, 5 levels left

rFire  . . .     SeeInvis .     p - +2 quarterstaff (chaos)
rCold  . . .     Gourm    .     (shield currently unavailable)
rNeg   . . .     Faith    .     (helmet restricted)
rPois  .         Spirit   .     (no amulet)
rElec  .         Dismiss  .     n - ring of resist corrosion
rCorr  +         Reflect  .     (no ring)
SustAt .         Harm     .     (no ring)
MR     .....                    (no ring)
Stlth  +++++++...               (no ring)
                                (no ring)
                                (no ring)
                                (no ring)

@: mighty, agile, slowed, very slow, not resistant to hostile enchantments,
extremely stealthy
A: almost no armour, amphibious, 8 rings, constrict 8, camouflage 1, gelatinous
body 1
a: no special abilities


You were on level 4 of the Dungeon.
You were hungry.

You visited 1 branch of the dungeon, and saw 5 of its levels.

You collected 157 gold pieces.

Inventory:

Hand Weapons
 a - a +0 short sword
 p - a +2 quarterstaff of chaos (weapon)
 r - a +0 trident
Armour
 q - a +1 cloak
Jewellery
 n - a ring of resist corrosion (left tentacle)
Wands
 b - a wand of flame (13/48)
 c - a wand of enslavement (7/24)
 d - a wand of random effects (11/48)
Scrolls
 e - 2 scrolls of fear
 i - 3 scrolls of amnesia
Potions
 g - a potion of brilliance
Books
 k - a book of Maledictions

   Spells                             Type                      Level
   a - Corona                         Hexes                        1
   b - Ensorcelled Hibernation        Hexes/Ice                    2
   c - Confuse                        Hexes                        3
   d - Tukima's Dance                 Hexes                        3
   e - Dazzling Spray                 Conjuration/Hexes            3
Comestibles
 f - 6 bread rations
 h - a royal jelly
 o - 2 meat rations
 s - a fruit


   Skills:
 - Level 1.0 Fighting
 - Level 1.0 Short Blades
 - Level 2.0 Dodging
 + Level 9.4 Stealth
 - Level 3.2 Evocations


You had 5 spell levels left.
You didn't know any spells.

Dungeon Overview and Level Annotations

Branches:
Dungeon (5/15)
 Temple: D:4-7

Altars:
Fedhas
Okawaru
Ru
Vehumet
Yredelemnul

Annotations:
D:4 CcS's ghost, novice KoMo


Innate Abilities, Weirdness & Mutations

You cannot wear most types of armour.
You are amphibious.
You can wear up to eight rings at the same time.
You can use your tentacles to constrict eight enemies at once.
Your skin changes colour to match your surroundings (Stealth).
Your rubbery body absorbs attacks (AC +1).


Message History

CcS's ghost closely misses you.
Your ogre closely misses CcS's ghost.
Unknown command.
You sock CcS's ghost!
You squeeze CcS's ghost, but do no damage.
CcS's ghost is heavily damaged.
CcS's ghost hits you!
Your ogre closely misses CcS's ghost.
CcS's ghost hits you.
* * * LOW HITPOINT WARNING * * *
The phantom closely misses you.
Your ogre hits CcS's ghost with a giant club.
Drink which item? (? for menu, Esc to quit)
You feel better. CcS's ghost hits you. The phantom barely misses you.
Your ogre hits CcS's ghost with a giant club!
CcS's ghost closely misses you. The phantom misses you.
You miss CcS's ghost.
CcS's ghost is almost destroyed.
CcS's ghost hits you!
* * * LOW HITPOINT WARNING * * *
Your ogre misses CcS's ghost. The phantom misses you. CcS's ghost hits you!
You die...

..............## #....# #..
............[[.### #....# ####.#
.................####....###....#
.............#.....#..###....####
.............##........<..####
.........................##
.............#...).....#..##
...##.....#.#.W..O....##..######
## ####.##.#..@W.##....#...##..
.#...........####..##..#..
...............###.###....
.........##.##..##........
.........##.....##.#......
.........#####............
.........#.......#..##....
...........###.####.......
.........###...##....##...


You could see a phantom, CcS's ghost and a friendly ogre.

Vanquished Creatures
  A centaur zombie (D:5)
  An orc priest (D:5)
  An orc wizard (D:5)
  Crazy Yiuf (D:2)
  3 adders
  2 oozes
  An adder zombie (D:5)
  3 adder skeletons (D:5)
  A worm (D:2)
  2 giant geckos (D:3)
  14 orcs
  9 bats
  3 giant cockroaches
  3 goblins
  2 hobgoblins (D:2)
  6 kobolds
  3 quokkas
  5 ball pythons
  A giant gecko skeleton (D:5)
  4 giant newts
  2 jackal skeletons
  A jackal zombie (D:5)
  7 rats
76 creatures vanquished.

Vanquished Creatures (collateral kills)
  Edmund (D:4)
  A hound zombie (D:5)
  An adder (D:5)
  A hobgoblin (D:3)
  A quokka skeleton (D:5)
5 creatures vanquished.

Vanquished Creatures (others)
  An adder (D:3)
1 creature vanquished.

Grand Total: 82 creatures vanquished

Notes
Turn   | Place    | Note
--------------------------------------------------------------
     0 | D:1      | M4edhros the Octopode Artificer began the quest for the Orb.
     0 | D:1      | Reached XP level 1. HP: 13/13 MP: 3/3
    19 | D:1      | Reached skill level 2 in Stealth
    34 | D:1      | Reached XP level 2. HP: 15/18 MP: 4/4
    87 | D:1      | Reached skill level 3 in Stealth
   569 | D:2      | Reached skill level 4 in Stealth
   602 | D:2      | Reached XP level 3. HP: 20/23 MP: 5/5
   675 | D:2      | HP: 1/23 [worm (10)]
  1050 | D:2      | Noticed Crazy Yiuf
  1059 | D:2      | Killed Crazy Yiuf
  1059 | D:2      | Reached skill level 5 in Stealth
  1059 | D:2      | Reached XP level 4. HP: 23/28 MP: 6/6
  1399 | D:3      | Reached skill level 6 in Stealth
  2640 | D:4      | Reached XP level 5. HP: 33/33 MP: 7/7
  2641 | D:4      | Found an iron altar of Okawaru.
  2645 | D:4      | Found a blossoming altar of Fedhas.
  2646 | D:4      | Found a sacrificial altar of Ru.
  2647 | D:4      | Found a radiant altar of Vehumet.
  2649 | D:4      | Found a basalt altar of Yredelemnul.
  2729 | D:4      | Reached skill level 7 in Stealth
  2741 | D:4      | Noticed an ogre
  2779 | D:4      | Noticed Edmund
  2785 | D:4      | Noticed CcS's ghost (novice KoMo)
  2792 | D:5      | Entered Level 5 of the Dungeon
  2997 | D:4      | Noticed a phantom
  3227 | D:5      | Reached skill level 8 in Stealth
  3354 | D:5      | Reached XP level 6. HP: 9/38 MP: 8/8
  3760 | D:5      | Noticed a hippogriff
  3955 | D:4      | Killed Edmund
  3955 | D:4      | Reached skill level 9 in Stealth
  3964 | D:4      | Slain by CcS's ghost

Skill      XL: |  1  2  3  4  5  6 |
---------------+-------------------+-----
Stealth        | 2 4 5 6 8 9 |  9.4
Fighting       | |  1.0
Short Blades   | |  1.0
Dodging        | |  2.0
Evocations     | |  3.2

Action                   |  1- 3 |  4- 6 || total
-------------------------+-------+-------++-------
Melee: Short sword       |    16 |       ||    16
       Constrict         |    13 |    33 ||    46
       Tentacles         |     7 |    18 ||    25
       Dagger            |    35 |    66 ||   101
       Quarterstaff      |       |    60 ||    60
Evoke: Wand              |     3 |    11 ||    14
  Use: Scroll            |     4 |     6 ||    10
       Potion            |       |     7 ||     7
 Stab: Sleeping          |    14 |     6 ||    20
  Eat: Chunk             |       |     8 ||     8
       Beef jerky        |       |     1 ||     1
Armor: Skin              |     9 |     4 ||    13
Dodge: Dodged            |    24 |    96 ||   120
